3A
BELLEVILLE BULLS @ ALAMEDA AIRMEN
08/27/2020
 
TOP OF THE 1ST
Belleville Bulls batting - Pitching for Alameda Airmen : LHP Cisco Flores
Pitching: LHP Cisco Flores
Batting: RHB Francisco Morales 0-0: Ball
1-0: Ball
2-0: Bunted foul
2-1: Called Strike
2-2: Ball
3-2: Foul Ball, location: 2F
3-2: Ground out 5-3 (Groundball, 56)
Batting: LHB Forrest McCooke 0-0: Ball
1-0: Foul Ball, location: 2F
1-1: Ball
2-1: Foul Ball, location: 2F
2-2: Strikes out looking
Batting: RHB Felipe Gonzáles 0-0: Ball
1-0: Ball
2-0: Called Strike
2-1: Ball
3-1: Base on Balls
Batting: RHB Héctor Rojas 0-0: Ball
1-0: Foul Ball, location: 2F
1-1: Ball
2-1: Foul Ball, location: 2F
2-2: Strikes out swinging
Top of the 1st over - 0 run(s), 0 hit(s), 0 error(s), 1 left on base; Belleville 0 - Alameda 0
BOTTOM OF THE 1ST
Alameda Airmen batting - Pitching for Belleville Bulls : RHP King Fletcher
Pitching: RHP King Fletcher
Batting: RHB Edgar García 0-0: Called Strike
0-1: Hit by Pitch
Batting: RHB António Delgado 0-0: Fly out, F8 (Flyball, 8RM)
Batting: RHB William Miles 0-0: Ball
1-0: Grounds into double play, 5-4-3 (Groundball, 5)
Bottom of the 1st over - 0 run(s), 0 hit(s), 0 error(s), 0 left on base; Belleville 0 - Alameda 0
TOP OF THE 2ND
Belleville Bulls batting - Pitching for Alameda Airmen : LHP Cisco Flores
Batting: RHB Jesús Soto 0-0: Called Strike
Reached via error on a dropped throw, E3
Batting: RHB Ángel Rosa 0-0: Foul Ball, location: 2F
0-1: Ball
1-1: Foul Ball, location: 2F
1-2: Ball
2-2: Grounds into double play, 6-4-3 (Groundball, 6)
Batting: RHB José Icaza 0-0: SINGLE (Groundball, 5D)
Batting: RHB Esteban De La Cruz 0-0: Called Strike
0-1: Ball
1-1: Ball
2-1: Ball
3-1: Swinging Strike
3-2: Strikes out looking
Top of the 2nd over - 0 run(s), 1 hit(s), 1 error(s), 1 left on base; Belleville 0 - Alameda 0
BOTTOM OF THE 2ND
Alameda Airmen batting - Pitching for Belleville Bulls : RHP King Fletcher
Batting: SHB Burton Storey 0-0: Ball
1-0: Ball
2-0: Ball
3-0: Base on Balls
Batting: RHB Manuel Martínez 0-0: Ball
1-0: Fly out, F7 (Flyball, 7M)
Batting: RHB Gabriel Juárez 0-0: Ball
Passed Ball!
Burton Storey to second
1-0: Ground out 5-3 (Groundball, 5)
Batting: RHB Marco Altichioro 0-0: Ball
1-0: Foul Ball, location: 2F
1-1: Fly out, F9 (Line Drive, 89M)
Bottom of the 2nd over - 0 run(s), 0 hit(s), 0 error(s), 1 left on base; Belleville 0 - Alameda 0
TOP OF THE 3RD
Belleville Bulls batting - Pitching for Alameda Airmen : LHP Cisco Flores
Batting: RHB Rafael Delgado 0-0: Foul Ball, location: 2F
0-1: Foul Ball, location: 2F
0-2: Ball
1-2: Strikes out swinging
Batting: RHB Francisco Morales 0-0: Called Strike
0-1: Ball
1-1: Swinging Strike
1-2: Foul Ball, location: 2F
1-2: Foul Ball, location: 2F
1-2: Ball
2-2: Ball
3-2: Base on Balls
Batting: LHB Forrest McCooke 0-0: Ball
1-0: Called Strike
1-1: Ball
2-1: Ball
3-1: Base on Balls
Francisco Morales to second
Batting: RHB Felipe Gonzáles 0-0: Called Strike
0-1: Swinging Strike
0-2: Foul Ball, location: 2F
0-2: Foul Ball, location: 2F
0-2: Ball
1-2: Ball
2-2: Strikes out swinging
Batting: RHB Héctor Rojas 0-0: Ball
1-0: Reached on error, E6 (Groundball, 6)
Francisco Morales to third
Forrest McCooke to second
Batting: RHB Jesús Soto 0-0: Called Strike
0-1: Swinging Strike
0-2: DOUBLE (Line Drive, 78M)
Francisco Morales scores
Forrest McCooke scores
Héctor Rojas to third
Runner from 3rd tries for Home, throw and OUT!
Top of the 3rd over - 2 run(s), 1 hit(s), 1 error(s), 1 left on base; Belleville 2 - Alameda 0
BOTTOM OF THE 3RD
Alameda Airmen batting - Pitching for Belleville Bulls : RHP King Fletcher
Batting: RHB Juan Márquez 0-0: Ball
1-0: Swinging Strike
1-1: Ball
2-1: Foul Ball, location: 2F
2-2: Foul Ball, location: 2F
2-2: Foul Ball, location: 2F
2-2: Ball
3-2: Strikes out swinging
Batting: RHB José Cervantes 0-0: Ball
1-0: Swinging Strike
1-1: Ground out 6-3 (Groundball, 6)
Batting: RHB Edgar García 0-0: Swinging Strike
0-1: Ball
1-1: Foul Ball, location: 2F
1-2: Fly out, F4 (Popup, 4D)
Bottom of the 3rd over - 0 run(s), 0 hit(s), 0 error(s), 0 left on base; Belleville 2 - Alameda 0
TOP OF THE 4TH
Belleville Bulls batting - Pitching for Alameda Airmen : LHP Cisco Flores
Batting: RHB Ángel Rosa 0-0: Foul Ball, location: 2F
0-1: Ball
1-1: Ball
2-1: Foul Ball, location: 2F
2-2: Strikes out swinging
Batting: RHB José Icaza 0-0: Called Strike
0-1: Ball
1-1: Ball
2-1: Foul Ball, location: 2F
2-2: Foul Ball, location: 2F
2-2: Strikes out swinging
Batting: RHB Esteban De La Cruz 0-0: Ball
1-0: Foul Ball, location: 2F
1-1: SINGLE (Line Drive, 6D)
Batting: RHB Rafael Delgado 0-0: Ball
1-0: Called Strike
1-1: Ground out 6-3 (Groundball, 6)
Top of the 4th over - 0 run(s), 1 hit(s), 0 error(s), 1 left on base; Belleville 2 - Alameda 0
BOTTOM OF THE 4TH
Alameda Airmen batting - Pitching for Belleville Bulls : RHP King Fletcher
Batting: RHB António Delgado 0-0: Called Strike
0-1: Ground out 5-3 (Groundball, 56)
Batting: RHB William Miles 0-0: Called Strike
0-1: Called Strike
0-2: Strikes out swinging
Batting: SHB Burton Storey 0-0: Called Strike
0-1: Ball
1-1: Foul Ball, location: 2F
1-2: Ball
2-2: SINGLE (Groundball, 4M)
Batting: RHB Manuel Martínez 0-0: Called Strike
0-1: Swinging Strike
0-2: Ball
1-2: Ball
2-2: Strikes out swinging
Bottom of the 4th over - 0 run(s), 1 hit(s), 0 error(s), 1 left on base; Belleville 2 - Alameda 0
TOP OF THE 5TH
Belleville Bulls batting - Pitching for Alameda Airmen : LHP Cisco Flores
Batting: RHB Francisco Morales 0-0: Foul Ball, location: 2F
0-1: Ball
1-1: Fly out, F7 (Flyball, 7D)
Batting: LHB Forrest McCooke 0-0: Ball
1-0: Ball
2-0: Fly out, F7 (Flyball, 7M)
Batting: RHB Felipe Gonzáles 0-0: Ball
1-0: Ball
2-0: Fly out, F7 (Flyball, 7M)
Top of the 5th over - 0 run(s), 0 hit(s), 0 error(s), 0 left on base; Belleville 2 - Alameda 0
BOTTOM OF THE 5TH
Alameda Airmen batting - Pitching for Belleville Bulls : RHP King Fletcher
Batting: RHB Gabriel Juárez 0-0: Ball
1-0: DOUBLE (Flyball, 78M)
Batting: RHB Marco Altichioro 0-0: Ball
1-0: Called Strike
1-1: Swinging Strike
1-2: Fly out, F9 (Line Drive, 89M)
Batting: RHB Juan Márquez 0-0: Foul Ball, location: 2F
0-1: Ball
1-1: Swinging Strike
1-2: Foul Ball, location: 2F
1-2: Foul Ball, location: 2F
1-2: Strikes out swinging
Batting: RHB José Cervantes 0-0: Called Strike
0-1: Ground out 5-3 (Groundball, 56)
Bottom of the 5th over - 0 run(s), 1 hit(s), 0 error(s), 1 left on base; Belleville 2 - Alameda 0
TOP OF THE 6TH
Belleville Bulls batting - Pitching for Alameda Airmen : LHP Cisco Flores
Batting: RHB Héctor Rojas 0-0: Ball
1-0: Swinging Strike
1-1: Ball
2-1: Called Strike
2-2: Strikes out swinging
Batting: RHB Jesús Soto 0-0: Ball
1-0: Ball
2-0: Ball
3-0: Called Strike
3-1: Foul Ball, location: 2F
3-2: Ground out 6-3 (Groundball, 6)
Batting: RHB Ángel Rosa 0-0: Called Strike
0-1: Fly out, F7 (Flyball, 78D)
Top of the 6th over - 0 run(s), 0 hit(s), 0 error(s), 0 left on base; Belleville 2 - Alameda 0
BOTTOM OF THE 6TH
Alameda Airmen batting - Pitching for Belleville Bulls : RHP King Fletcher
Batting: RHB Edgar García 0-0: Foul Ball, location: 2F
0-1: SINGLE (Groundball, 6S)
Batting: RHB António Delgado 0-0: Ball
Edgar García steals 2nd base
1-0: SINGLE (Flyball, 9S)
Edgar García to third
Batting: RHB William Miles 0-0: Called Strike
0-1: Ball
1-1: Called Strike
1-2: DOUBLE (Flyball, 78XD)
Edgar García scores
António Delgado to third
Runner from 3rd tries for Home, SAFE, throw made at trailing runner, SAFE at third!
Batting: SHB Burton Storey 0-0: Intentional Walk
Batting: RHB Manuel Martínez 0-0: SINGLE (Flyball, 78S)
William Miles scores
Burton Storey to second
Batting: RHB Gabriel Juárez 0-0: Foul Ball, location: 2F
0-1: Called Strike
0-2: Fly out, F3 (Popup, 3F)
Batting: RHB Marco Altichioro 0-0: Grounds into double play, 4-6-3 (Groundball, 4)
Bottom of the 6th over - 3 run(s), 4 hit(s), 0 error(s), 1 left on base; Belleville 2 - Alameda 3
TOP OF THE 7TH
Belleville Bulls batting - Pitching for Alameda Airmen : LHP Cisco Flores
Pitching: RHP Carlos Martínez
Batting: RHB José Icaza 0-0: Called Strike
0-1: Ball
1-1: Ground out 6-3 (Groundball, 6)
Batting: RHB Esteban De La Cruz 0-0: Called Strike
0-1: Called Strike
0-2: Ball
1-2: Strikes out swinging
Batting: RHB Rafael Delgado 0-0: Ball
1-0: Foul Ball, location: 2F
1-1: Ball
2-1: Called Strike
2-2: Foul Ball, location: 2F
2-2: Fly out, F7 (Line Drive, 7M)
Top of the 7th over - 0 run(s), 0 hit(s), 0 error(s), 0 left on base; Belleville 2 - Alameda 3
BOTTOM OF THE 7TH
Alameda Airmen batting - Pitching for Belleville Bulls : RHP King Fletcher
Batting: RHB Juan Márquez 0-0: SINGLE (Groundball, 56)
Batting: RHB José Cervantes 0-0: Bunted foul
0-1: Sac Bunt - play at second, runner OUT! 5-6
Batting: RHB Edgar García 0-0: Ball
1-0: Ball
2-0: Called Strike
2-1: Called Strike
2-2: Strikes out swinging
Pinch Hitting: SHB Jim Unknown 0-0: Called Strike
0-1: Ball
1-1: Foul Ball, location: 2F
1-2: Reached on error, E4 (Groundball, 4)
José Cervantes to second
Batting: RHB William Miles 0-0: SINGLE (Flyball, 9S)
José Cervantes to third
Jim Unknown to second
Runner from 3rd tries for Home, SAFE, no throw or cutoff
Batting: SHB Burton Storey 0-0: Called Strike
0-1: Ball
1-1: Foul Ball, location: 2F
1-2: Ball
2-2: Ball
3-2: Base on Balls
Jim Unknown to third
William Miles to second
Batting: RHB Manuel Martínez 0-0: SINGLE (Groundball, 34S)
Jim Unknown scores
William Miles to third
Burton Storey to second
Runner from 3rd tries for Home, SAFE, throw made at trailing runner, OUT at third!
Bottom of the 7th over - 3 run(s), 3 hit(s), 1 error(s), 1 left on base; Belleville 2 - Alameda 6
TOP OF THE 8TH
Belleville Bulls batting - Pitching for Alameda Airmen : RHP Carlos Martínez
Now in RF: Jim Unknown
Batting: RHB Francisco Morales 0-0: Bunted foul
0-1: Ball
1-1: Ball
2-1: Ball
3-1: Base on Balls
Batting: LHB Forrest McCooke 0-0: Ball
1-0: Foul Ball, location: 2F
1-1: Foul Ball, location: 2F
1-2: Fly out, F8 (Flyball, 8LXD)
Runner from 1st tags up, SAFE at 2nd
Batting: RHB Felipe Gonzáles 0-0: Foul Ball, location: 2F
0-1: Ball
1-1: Ball
2-1: Foul Ball, location: 2F
2-2: Strikes out swinging
Batting: RHB Héctor Rojas 0-0: Swinging Strike
0-1: Fly out, F4 (Line Drive, 4)
Top of the 8th over - 0 run(s), 0 hit(s), 0 error(s), 1 left on base; Belleville 2 - Alameda 6
BOTTOM OF THE 8TH
Alameda Airmen batting - Pitching for Belleville Bulls : RHP King Fletcher
Pitching: LHP César Nieto
Batting: RHB Gabriel Juárez 0-0: Foul Ball, location: 2F
0-1: Fly out, F5 (Popup, 5SF)
Batting: RHB Marco Altichioro 0-0: DOUBLE (Flyball, 78M)
Batting: RHB Juan Márquez 0-0: Called Strike
0-1: Ball
1-1: Called Strike
1-2: Ground out 6-3 (Groundball, 6MS)
Marco Altichioro to third
Batting: RHB José Cervantes 0-0: Ball
1-0: Ball
2-0: Swinging Strike
2-1: Ball
3-1: Base on Balls
Batting: RHB Edgar García 0-0: Ball
1-0: Foul Ball, location: 2F
1-1: Ball
2-1: Foul Ball, location: 2F
2-2: Foul Ball, location: 2F
2-2: Ground out 5-3 (Groundball, 5)
Bottom of the 8th over - 0 run(s), 1 hit(s), 0 error(s), 2 left on base; Belleville 2 - Alameda 6
TOP OF THE 9TH
Belleville Bulls batting - Pitching for Alameda Airmen : RHP Carlos Martínez
Pitching: RHP Júlio Maes
Batting: RHB Jesús Soto 0-0: Called Strike
0-1: Ball
1-1: Foul Ball, location: 2F
1-2: Ball
2-2: Strikes out looking
Batting: RHB Ángel Rosa 0-0: Called Strike
0-1: SINGLE (Groundball, 34D)
Batting: RHB José Icaza 0-0: Fly out, F6 (Popup, 6MD)
Batting: RHB Esteban De La Cruz 0-0: Ball
Wild Pitch!
Ángel Rosa to second
1-0: Called Strike
1-1: Called Strike
1-2: Foul Ball, location: 2F
1-2: Ground out 6-3 (Groundball, 6)
Top of the 9th over - 0 run(s), 1 hit(s), 0 error(s), 1 left on base; Belleville 2 - Alameda 6
This league is powered by Out of the Park Baseball, the baseball management simulation game for PC, Mac and Linux
Friday, October 23rd, 2015 - OOTP Baseball 16.9 Build 39